 Dungeon Crawl Stone Soup version 0.28.0-1-gb440e238dd (webtiles) character file.

Game seed: 9332174802586904030

15 spaghetti the Bolt Thrower (level 2, 26/26 HPs)
             Began as a Deep Dwarf Hunter on Feb 19, 2022.
             Quit the game on level 1 of the Dungeon.
             The game lasted 00:01:35 (782 turns).

spaghetti the Bolt Thrower (Deep Dwarf Hunter)       Turns: 782, Time: 00:01:36

Health: 26/26      AC:  3    Str: 15    XL:     2   Next: 34%
Magic:  1/1        EV: 12    Int: 11    God:
Gold:   13         SH:  0    Dex: 13    Spells: 1/1 levels left

rFire   . . .      SeeInvis .   b - +0 short sword
rCold   . . .      Faith    .   (no shield)
rNeg    . . .      Spirit   .   c - +0 leather armour
rPois   .          Reflect  .   (no helmet)
rElec   .          Harm     .   (no cloak)
rCorr   .          Rampage  .   (no gloves)
Will    .....                   (no boots)
Stlth   +.........              (no amulet)
HPRegen 0.00/turn               (no ring)
MPRegen 0.07/turn               (no ring)

@: no status effects
A: damage resistance, heal wounds, sense surroundings 1, no regeneration
a: Heal Wounds


You were on level 1 of the Dungeon.
You visited 1 branch of the dungeon, and saw 1 of its levels.

You collected 13 gold pieces.

Inventory:

Hand Weapons
 a - a +1 hand crossbow
 b - a +0 short sword (weapon)
Missiles
 d - 14 bolts
Armour
 c - a +0 leather armour (worn)
Jewellery
 h - a ring of ice
Scrolls
 e - a scroll of fog {unknown}
 f - 2 scrolls of teleportation {unknown}
 g - a scroll of vulnerability {unknown}


   Skills:
 - Level 1.7 Fighting
 + Level 5.1 Crossbows
 - Level 2.1 Dodging
 - Level 1.2 Stealth


You had one spell level left.
You didn't know any spells.
Your spell library was empty.

Dungeon Overview and Level Annotations

Branches:
Dungeon (1/15)

Altars:


Innate Abilities, Weirdness & Mutations

You are resistant to damage.
You can heal yourself by infusing magical energy.
You passively map a small area around you.
You do not regenerate.


Message History

Press: ? - help, Q - select action, (/) - cycle Shift-Dir - straight line, f/p - giant cockroach
Aim: a giant cockroach (64% to hit)
You shoot a bolt. The bolt hits the giant cockroach.
You kill the giant cockroach!
h - a ring of ice
d - 16 bolts (gained 1)
You see here a giant cockroach corpse.
d - 17 bolts (gained 1)
A gnoll comes into view. It is wielding a +0 flail.
Unknown command.
Unknown command.
Fire: 17 bolts
Press: ? - help, Q - select action, (/) - cycle Shift-Dir - straight line, f - gnoll
Aim: a gnoll, wielding a +0 flail (wandering, hasn't noticed you, 68% to hit)
You shoot a bolt. The bolt barely misses the gnoll.
The gnoll shouts!
Fire: 16 bolts
Press: ? - help, Q - select action, (/) - cycle Shift-Dir - straight line, f/p - gnoll
Aim: a gnoll, wielding a +0 flail (68% to hit)
You shoot a bolt. The bolt hits the gnoll.
The gnoll is lightly wounded.
Fire: 15 bolts
Press: ? - help, Q - select action, (/) - cycle Shift-Dir - straight line, f/p - gnoll
Aim: a gnoll, wielding a +0 flail (lightly wounded, 68% to hit)
You shoot a bolt. The bolt closely misses the gnoll.
The gnoll hits you with a +0 flail.
b - a +0 short sword (weapon)
You closely miss the gnoll.
The gnoll is lightly wounded.
The gnoll closely misses you. The gnoll hits you with a +0 flail!
Unknown command.
You aren't carrying any items that you can evoke.
You aren't carrying any potions.
You hit the gnoll.
The gnoll is moderately wounded.
The gnoll hits you with a +0 flail!
Unknown command.
Your magical essence is drained by the effort!
You feel much better. The gnoll closely misses you.
Are you sure you want to abandon this character and quit the game? (Confirm with "yes".)

>...# #...# ,#####*
##≈
....######*##(..##,
...........#8...8#
* *
#..##########...##
#..# ###.#...# ####
#.....#(# #.#...#.#
# #.#####g##### #
#.# #.@...# #
#.#########.#
#......# #.#
######.# #.# # #.#
#.# # #.# #.#
#.####.# #......#
######.#


You could see a gnoll.

Vanquished Creatures
  A dart slug (D:1)
  A bat (D:1)
  An endoplasm (D:1)
  A giant cockroach (D:1)
  3 ball pythons (D:1)
  A frilled lizard (D:1)
  2 kobolds (D:1)
  4 rats (D:1)
14 creatures vanquished.

Notes
Turn   | Place    | Note
-------+----------+-------------------------------------------
     0 | D:1      | spaghetti the Deep Dwarf Hunter began the quest for the
                  | Orb.
     0 | D:1      | Reached XP level 1. HP: 19/19 MP: 1/1
   507 | D:1      | Reached XP level 2. HP: 26/26 MP: 2/2
   579 | D:1      | Reached skill level 5 in Crossbows
   782 | D:1      | Quit the game

Illustrated notes

Levels and vault maps discovered:
D:1:      dpeg_arrival_yet_another_circle, layout_basic, serial_corexii_hall,
          corexii_hall_statues_u, chequers_hall_statues_y,
          corexii_hall_statues_l, corexii_hall_statues_l,
          corexii_hall_statues_deadend, corexii_hall_statues_x,
          chequers_serial_rivers_small_3

Skill      XL: |  1  2 |
---------------+-------+-----
Crossbows      | 5 |  5.1
Fighting       | |  1.7
Dodging        | |  2.1
Stealth        | |  1.2

Action                   || total
-------------------------++-------
Melee: Short sword       ||     2
 Fire: Hand crossbow     ||    28
 Abil: Heal Wounds       ||     1
Armor: Leather armour    ||     1
Dodge: Dodged            ||     4
